[Event "Titled Tuesday Blitz April 4 Early 2023"]
[White "Matute Escobar, Roxanny"]
[Black "Kalajzic, Ivan"]
[WhiteFideId "3926028"]
[BlackFideId "14506378"]
[WhiteElo "1844"]
[BlackElo "2203"]
[Result "0-1"]
[Round "07"]
[TimeControl "180+2"]
[Date "2023.04.04"]
[WhiteClock "0:00:11"]
[BlackClock "0:00:03"]

1. e4 Nc6 2. d4 e5 3. d5 Nce7 4. Nf3 Ng6 5. Be2 Nf6 6. Nc3 Bb4 7. Qd3 O-O 8. h4 Nf4 9. Bxf4 exf4 10. Ng5 d6 11. O-O-O h6 12. Nh3 Bxh3 13. Rxh3 Qe7 14. f3 a6 15. g3 fxg3 16. Rxg3 Nh5 17. Rg4 Qe5 18. Qd2 Bxc3 19. bxc3 Kh7 20. Rdg1 g6 21. Qe3 Rae8 22. Bd3 Qxd5 23. Qd2 Qxa2 24. Qg2 Rg8 25. f4 Qe6 26. f5 Qf6 27. fxg6+ fxg6 28. Rf1 Qe6 29. e5 dxe5 30. Rg1 Nf4 31. Qe4 Qf6 32. Qxb7 Re7 33. Qe4 Reg7 34. h5 Kh8 35. hxg6 h5 36. Rg5 c5 37. Bc4 Rd8 38. Qf3 Rd5 39. Rxh5+ Nxh5 40. Qxh5+ Kg8 41. Bxd5+ Kf8 42. Qh8+ Ke7 43. Re1 Kd6 44. Qb8+ Kxd5 45. Qa8+ Kc4 46. Qxa6+ Kd5 47. Qa8+ Kc4 48. Qe4+ Kb5 49. Kd2 Qf4+ 50. Ke2 Qxe4+ 51. Kd1 Qf3+ 0-1


[Site "https://www.chess.com"]

[Event "Titled Tuesday Blitz April 4 Early 2023"]
[White "Burdalev, Kirill"]
[Black "Winkels, Marcel"]
[WhiteFideId "14121913"]
[BlackFideId "1003887"]
[WhiteElo "2236"]
[BlackElo "1900"]
[Result "1-0"]
[Round "07"]
[TimeControl "180+2"]
[Date "2023.04.04"]
[WhiteClock "0:00:04"]
[BlackClock "0:00:01"]

1. d4 Nf6 2. c4 g6 3. g3 d5 4. Bg2 Bg7 5. Nf3 O-O 6. O-O c6 7. b3 a5 8. Bb2 a4 9. cxd5 cxd5 10. bxa4 Ne4 11. Nc3 Nxc3 12. Bxc3 Nc6 13. Rb1 Ra7 14. Rb5 Bf5 15. Qb3 Qa8 16. Ne5 Nxe5 17. dxe5 e6 18. a5 Rc8 19. Bd4 Rxa5 20. Rxa5 Qxa5 21. Qxb7 Rc4 22. Qb2 Rb4 23. Qc3 Ra4 24. Qc8+ Bf8 25. Rc1 Rxa2 26. Bc5 Qa8 27. Bxf8 h5 28. Be7+ Kh7 29. Qxa8 Rxa8 30. h4 Re8 31. Bf6 1-0


[Site "https://www.chess.com"]

[Event "Titled Tuesday Blitz April 4 Early 2023"]
[White "Blokhin, Sofia"]
[Black "Averjanov, Alexey"]
[WhiteFideId "4508190"]
[BlackFideId "14109867"]
[WhiteElo "1994"]
[BlackElo "2670"]
[Result "0-1"]
[Round "07"]
[TimeControl "180+2"]
[Date "2023.04.04"]
[WhiteClock "0:00:11"]
[BlackClock "0:01:24"]

1. d4 d5 2. c4 dxc4 3. Nf3 Nf6 4. e3 e6 5. Bxc4 a6 6. O-O b5 7. Bd3 Bb7 8. Nc3 Nbd7 9. Re1 c5 10. Ne2 Be7 11. Ng3 O-O 12. b3 Rc8 13. Bb2 Qb6 14. Ne5 Rfd8 15. Qe2 cxd4 16. Bxd4 Bc5 17. Bb2 Nxe5 18. Bxe5 Be7 19. Rac1 h6 20. Bxf6 Bxf6 21. Nh5 Be7 22. Qg4 Bf8 23. Bb1 Kh8 24. h3 Qd6 25. Nf4 Kg8 26. Rcd1 Qe5 27. Nd3 Qf6 28. e4 Rd4 29. e5 Rxg4 30. exf6 Rxg2+ 31. Kf1 gxf6 32. Nf4 Rh2 33. Nh5 Bf3 34. Nxf6+ Kg7 35. Ng4 Rh1# 0-1


[Site "https://www.chess.com"]

[Event "Titled Tuesday Blitz April 4 Early 2023"]
[White "Sankalan Shah"]
[Black "Mogirzan, Matei-Valeriu"]
[WhiteFideId "25600362"]
[BlackFideId "1257455"]
[WhiteElo "2118"]
[BlackElo "1733"]
[Result "1-0"]
[Round "07"]
[TimeControl "180+2"]
[Date "2023.04.04"]
[WhiteClock "0:00:23"]
[BlackClock "0:00:15"]

1. Nf3 Nc6 2. d4 g5 3. Bxg5 d5 4. e3 Bg7 5. Bd3 f6 6. Bh4 Bg4 7. h3 Bh5 8. Nbd2 Qd7 9. c4 O-O-O 10. Qb3 e5 11. dxe5 fxe5 12. Bxd8 e4 13. cxd5 Na5 14. Qb4 exd3 15. Qxa5 Kxd8 16. d6 Nf6 17. Qxc7+ Qxc7 18. dxc7+ Kxc7 19. Rc1+ Kd8 20. O-O Rg8 21. Kh1 Nd7 22. b3 b5 23. Rc6 b4 24. Rfc1 Bc3 25. Ne4 Bxf3 26. gxf3 Ne5 27. Rd6+ Ke7 28. Rd5 Ke6 29. Ra5 Nxf3 30. Rxa7 d2 31. Rd1 Ke5 32. Ng3 Ke6 33. Ra6+ Kd7 34. Ra5 Kc6 35. Kg2 Kb6 36. Rh5 Ne1+ 37. Kf1 Rf8 38. Ke2 Kb7 39. Ne4 Nf3 40. Rxh7+ Kc6 41. Kd3 Kd5 42. Nxc3+ bxc3 43. Kxc3 Rc8+ 44. Kb2 Ke4 45. Rd7 Ne5 46. R7xd2 Kf3 47. Rg1 Rb8 48. Rg3+ Ke4 49. Rd4+ Kf5 50. h4 Nc6 51. Rg5+ Ke6 52. Rc4 Ne5 53. Re4 Rb5 54. Rgxe5+ Rxe5 55. Rxe5+ Kxe5 56. Kc3 Ke4 57. a4 Kf3 58. a5 Kxf2 59. a6 Ke1 60. a7 Kd1 61. a8=Q Ke1 62. e4 Kd1 63. e5 Ke1 64. e6 Kd1 65. e7 Kc1 66. e8=R Kd1 67. Rg8 Kc1 68. Rg2 Kd1 69. Qa1# 1-0


[Site "https://www.chess.com"]

[Event "Titled Tuesday Blitz April 4 Early 2023"]
[White "Ai, Evan"]
[Black "rionelG"]
[WhiteFideId "2094770"]
[WhiteElo "1963"]
[BlackElo "2197"]
[Result "1-0"]
[Round "07"]
[TimeControl "180+2"]
[Date "2023.04.04"]
[WhiteClock "0:00:13"]
[BlackClock "0:00:02"]

1. e4 c5 2. Nf3 d6 3. d4 cxd4 4. Nxd4 Nf6 5. Nc3 a6 6. f3 e5 7. Nb3 Be7 8. Be3 Be6 9. Qd2 O-O 10. O-O-O a5 11. Bb5 Nc6 12. Na4 Ne8 13. Bb6 Qb8 14. Bxc6 bxc6 15. Nxa5 Bd7 16. Be3 c5 17. Nxc5 dxc5 18. Qxd7 Rxa5 19. Qxe7 Rxa2 20. b3 Nf6 21. Bxc5 Rc8 22. b4 h6 23. Rhe1 Qa8 24. Re3 Ra1+ 25. Kd2 Rd8+ 26. Rd3 Rxd3+ 27. cxd3 Qa2+ 28. Ke1 Qxg2 29. Rxa1 Qh1+ 30. Kd2 Qxa1 31. Qf8+ Kh7 32. Qxf7 Qb2+ 33. Ke3 Qxh2 34. Qe6 Qg1+ 35. Ke2 Qg2+ 36. Ke3 Qg1+ 37. Kd2 Qg2+ 38. Kc3 Qxf3 39. Qxe5 h5 40. Qf5+ Qxf5 41. exf5 h4 42. Bd6 Nd5+ 43. Kd4 1-0


[Site "https://www.chess.com"]

[Event "Titled Tuesday Blitz April 4 Early 2023"]
[White "Dahlgren, James Allen"]
[Black "Kujawski, Adam"]
[WhiteFideId "22256873"]
[BlackFideId "1100920"]
[WhiteElo "2195"]
[BlackElo "2054"]
[Result "0-1"]
[Round "07"]
[TimeControl "180+2"]
[Date "2023.04.04"]
[WhiteClock "0:00:02"]
[BlackClock "0:00:13"]

1. e4 e5 2. Nc3 Nf6 3. Nf3 Nc6 4. d4 Bb4 5. Nxe5 Nxe4 6. Bd2 Nxd2 7. Qxd2 Nxe5 8. dxe5 d5 9. exd6 Qxd6 10. Qxd6 Bxd6 11. O-O-O O-O 12. Bc4 Bg4 13. f3 Bh5 14. Kb1 a6 15. a4 Rad8 16. h4 h6 17. g4 Bg6 18. h5 Bh7 19. Bd3 f5 20. Rhe1 fxg4 21. fxg4 Bxd3 22. Rxd3 Rf4 23. Re4 Rdf8 24. Rdd4 Rxe4 25. Rxe4 Rf1+ 26. Ka2 Kf7 27. Kb3 Kf6 28. Nd5+ Kg5 29. Ne3 Rf3 30. Kc4 Bf4 31. Nf5 Rf2 32. Kb3 Kf6 33. Rc4 c6 34. Rb4 b5 35. axb5 axb5 36. Re4 Bg5 37. Re7 Rf4 38. Rxg7 Rxg4 39. Rg6+ Kxf5 40. Rxc6 Rg3+ 41. Ka2 Rg2 42. Rc5+ Kg4 43. Kb3 Kxh5 44. Rxb5 Rg3+ 45. Ka4 Kg4 46. c4 h5 47. b4 h4 48. Rb8 h3 49. Rh8 Bh4 50. c5 h2 0-1


[Site "https://www.chess.com"]

[Event "Titled Tuesday Blitz April 4 Early 2023"]
[White "Ciuffoletti, Paolo"]
[Black "Ward, Ieuan C"]
[WhiteFideId "807630"]
[BlackFideId "406627"]
[WhiteElo "2143"]
[BlackElo "2303"]
[Result "1-0"]
[Round "07"]
[TimeControl "180+2"]
[Date "2023.04.04"]
[WhiteClock "0:00:27"]
[BlackClock "0:00:02"]

1. e4 e5 2. Nf3 Nc6 3. Bc4 Bc5 4. b4 Bxb4 5. c3 Ba5 6. d4 exd4 7. O-O dxc3 8. Qb3 Qf6 9. e5 Qg6 10. Nxc3 Nge7 11. Ba3 O-O 12. Rad1 Bb6 13. Nd5 Nxd5 14. Bxf8 Nf4 15. Nh4 Qg4 16. Qg3 Qxg3 17. hxg3 Nh5 18. Ba3 Nxg3 19. Rfe1 Na5 20. Bd5 c6 21. Bf3 Nc4 22. Bc1 g6 23. Bf4 Nf5 24. Nxf5 gxf5 25. Bg5 Bc7 26. Bf6 d5 27. exd6 Nxd6 28. Be5 Nb5 29. Bxc7 Nxc7 30. Rd8+ Kg7 31. Re7 Ne6 32. Rd3 Rb8 33. Bh5 Ng5 34. Rg3 Kf6 35. Rc7 Ne4 36. Rxf7+ Ke6 37. Re3 Bd7 38. f3 Rf8 39. Rxf8 1-0


[Site "https://www.chess.com"]

[Event "Titled Tuesday Blitz April 4 Early 2023"]
[White "Estremera Panos, Sergio"]
[Black "Barria Santos, Jose Guilherme"]
[WhiteFideId "2200864"]
[BlackFideId "1939300"]
[WhiteElo "2253"]
[BlackElo "2266"]
[Result "1-0"]
[Round "07"]
[TimeControl "180+2"]
[Date "2023.04.04"]
[WhiteClock "0:01:37"]
[BlackClock "0:00:13"]

1. d4 Nf6 2. c4 g6 3. Nc3 Bg7 4. e4 d6 5. Nf3 O-O 6. Be2 e5 7. d5 a5 8. Bg5 h6 9. Bh4 g5 10. Bg3 Nh7 11. Nd2 f5 12. f3 Na6 13. O-O Nc5 14. b3 Nf6 15. a3 a4 16. b4 Na6 17. Bf2 Bd7 18. c5 fxe4 19. fxe4 Qe7 20. c6 bxc6 21. dxc6 Be8 22. b5 Nc5 23. Bxc5 dxc5 24. Nc4 Bg6 25. Nd5 Nxd5 26. exd5 e4 27. d6 cxd6 28. Qxd6 Qxd6 29. Nxd6 Bxa1 30. Rxa1 Rf6 31. Bc4+ Kg7 32. Nb7 Rc8 33. Nxc5 e3 34. Re1 Rf4 35. Be6 Rcf8 36. c7 Bd3 37. Nxd3 R4f6 38. c8=Q e2 39. Qd7+ Kh8 40. h3 Rf1+ 41. Kh2 Rxe1 42. Nxe1 Rf1 43. Qd4+ Rf6 44. Qxf6+ Kh7 45. Qf7+ Kh8 46. Qg8# 1-0


[Site "https://www.chess.com"]

[Event "Titled Tuesday Blitz April 4 Early 2023"]
[White "Zaichenko, Daria"]
[Black "dDobravcan"]
[WhiteFideId "4197453"]
[WhiteElo "2039"]
[BlackElo "2145"]
[Result "1-0"]
[Round "07"]
[TimeControl "180+2"]
[Date "2023.04.04"]
[WhiteClock "0:00:28"]
[BlackClock "0:00:36"]

1. e4 Nf6 2. e5 Nd5 3. d4 d6 4. Nf3 Bg4 5. c4 Nb6 6. Be2 c6 7. Nc3 Bxf3 8. gxf3 dxe5 9. dxe5 Qxd1+ 10. Nxd1 e6 11. Be3 N8d7 12. Nc3 Nxe5 13. b3 Bb4 14. Kd2 O-O-O+ 15. Kc2 Rd7 16. a3 Be7 17. a4 Rhd8 18. a5 Na8 19. f4 Ng6 20. Rhb1 Bd6 21. Bxa7 Bxf4 22. Rd1 Rxd1 23. Rxd1 Rxd1 24. Bxd1 Bxh2 25. Ne4 f6 26. b4 h6 27. Nc5 Ne5 28. Nxe6 Nxc4 29. Bg4 Ne5 30. Bh3 Kd7 31. Nxg7+ Kd6 32. Bc5+ Kd5 33. Bf5 Nc7 34. Nh5 Nb5 35. Nxf6+ Kc4 36. Be6# 1-0


[Site "https://www.chess.com"]

[Event "Titled Tuesday Blitz April 4 Early 2023"]
[White "Levine, David"]
[Black "Simonovic, Miroslav"]
[WhiteFideId "2011611"]
[BlackFideId "919152"]
[WhiteElo "2089"]
[BlackElo "2042"]
[Result "1-0"]
[Round "07"]
[TimeControl "180+2"]
[Date "2023.04.04"]
[WhiteClock "0:00:49"]
[BlackClock "0:00:01"]

1. d4 Nf6 2. c4 c5 3. d5 b5 4. Qc2 bxc4 5. e4 d6 6. Na3 g6 7. Nxc4 Nbd7 8. Nf3 Bg7 9. Be2 O-O 10. O-O Ba6 11. Rb1 Bxc4 12. Bxc4 Ng4 13. b3 Nge5 14. Nxe5 Nxe5 15. Bb2 Qa5 16. Bc3 Nf3+ 17. gxf3 Bxc3 18. f4 Bd4 19. Rbd1 Kg7 20. Rd3 f5 21. Qe2 fxe4 22. Qxe4 Qc7 23. Re1 Rf7 24. Rg3 Raf8 25. Rg4 Qd7 26. h3 Kh8 27. Kg2 a5 28. Re2 Bf6 29. a4 Qf5 30. Bb5 h5 31. Rxg6 Qxe4+ 32. Rxe4 Kh7 33. f5 Bg7 34. Rg5 Kh6 35. h4 1-0


[Site "https://www.chess.com"]

[Event "Titled Tuesday Blitz April 4 Early 2023"]
[White "Floresvillar Gonzalez, Luis Migu"]
[Black "Necula, Iulian"]
[WhiteFideId "5100542"]
[BlackFideId "1232380"]
[WhiteElo "2040"]
[BlackElo "1790"]
[Result "1/2-1/2"]
[Round "07"]
[TimeControl "180+2"]
[Date "2023.04.04"]
[WhiteClock "0:00:40"]
[BlackClock "0:00:34"]

1. e4 d6 2. d4 Nf6 3. Nc3 e5 4. dxe5 dxe5 5. Qxd8+ Kxd8 6. Bc4 Be6 7. Bxe6 fxe6 8. f3 Bd6 9. Be3 Nbd7 10. Nb5 a6 11. Nxd6 cxd6 12. O-O-O Ke7 13. Ne2 Rac8 14. Kb1 Rc6 15. Rd2 Rhc8 16. Rhd1 d5 17. exd5 exd5 18. Bg5 h6 19. Bxf6+ Nxf6 20. Nc3 d4 21. Ne2 g5 22. Ng3 Nd5 23. Re1 Ne3 24. c3 dxc3 25. bxc3 Rxc3 26. Rde2 Nc4 27. Nf5+ Kf6 28. Nxh6 Rc5 29. Ng4+ Kf5 30. Nf2 Rb5+ 31. Ka1 a5 32. Ne4 Rd3 33. Rc2 Rb4 34. Nf2 Rd5 35. Ne4 b5 36. Nc3 Rd2 37. Rxd2 Nxd2 38. Nd5 Rd4 39. Ne3+ Ke6 40. Nc2 Rc4 41. Ne3 Rd4 42. Ng4 Rd5 43. Ne3 Rd4 1/2-1/2


[Site "https://www.chess.com"]

[Event "Titled Tuesday Blitz April 4 Early 2023"]
[White "Torres Hernandez, Leslie Carolin"]
[Black "Maluco_do_Natal_00"]
[WhiteFideId "8400504"]
[WhiteElo "1920"]
[BlackElo "1998"]
[Result "1-0"]
[Round "07"]
[TimeControl "180+2"]
[Date "2023.04.04"]
[WhiteClock "0:01:00"]
[BlackClock "0:00:01"]

1. e4 c5 2. Nf3 Nc6 3. Bb5 e6 4. c3 Nge7 5. O-O a6 6. Be2 d5 7. exd5 Nxd5 8. d4 cxd4 9. cxd4 Be7 10. Nc3 O-O 11. Re1 Bf6 12. Ne4 Be7 13. a3 b6 14. b4 Bb7 15. Bb2 Rc8 16. Bf1 Nf6 17. Bd3 h6 18. Qe2 Qd5 19. Nxf6+ Bxf6 20. Bxa6 Nxd4 21. Bxd4 Bxa6 22. Qxa6 Bxd4 23. Rad1 Bxf2+ 24. Kxf2 Rc2+ 25. Kg1 Qa2 26. Qf1 Qxa3 27. b5 Qc5+ 28. Kh1 Ra8 29. Ne5 f6 30. Nd7 Qg5 31. Re2 Raa2 32. Rxc2 Rxc2 33. Nxb6 Rb2 34. Rd8+ Kh7 35. Nd7 Rxb5 36. Nf8+ Kg8 37. Nxe6+ Kh7 38. Nxg5+ hxg5 39. Qxb5 1-0


[Site "https://www.chess.com"]

[Event "Titled Tuesday Blitz April 4 Early 2023"]
[White "EdmundPlayer"]
[Black "Lohani, Sujana"]
[BlackFideId "12311987"]
[WhiteElo "2232"]
[BlackElo "1718"]
[Result "1-0"]
[Round "07"]
[TimeControl "180+2"]
[Date "2023.04.04"]
[WhiteClock "0:00:06"]
[BlackClock "0:00:03"]

1. e4 g6 2. d4 Bg7 3. Nc3 d6 4. Nf3 Nf6 5. Be2 O-O 6. O-O c5 7. dxc5 dxc5 8. Be3 b6 9. Qxd8 Rxd8 10. Rad1 Nc6 11. Rxd8+ Nxd8 12. Rd1 Bb7 13. Nd2 Nc6 14. Nb3 e5 15. f3 Nd4 16. Bd3 Rc8 17. Nd2 a6 18. Ncb1 b5 19. c3 Ne6 20. Be2 c4 21. Na3 Nd7 22. Nc2 Ndc5 23. Nb4 Rd8 24. Nf1 Rxd1 25. Bxd1 a5 26. Nd5 Nd3 27. b3 Bxd5 28. exd5 Nc7 29. d6 Nd5 30. Bg5 Bf6 31. Bxf6 Nxf6 32. Nd2 cxb3 33. axb3 Kf8 34. c4 bxc4 35. bxc4 Ke8 36. Ba4+ Kd8 37. Nb3 Nb2 38. Bb5 a4 39. Nc1 a3 40. c5 Ne8 41. Kf2 f6 42. Ke2 Nxd6 43. cxd6 1-0


[Site "https://www.chess.com"]

[Event "Titled Tuesday Blitz April 4 Early 2023"]
[White "Vujcic, Milena"]
[Black "Legenia, Artem"]
[WhiteFideId "954748"]
[BlackFideId "14136945"]
[WhiteElo "1882"]
[BlackElo "1992"]
[Result "1-0"]
[Round "07"]
[TimeControl "180+2"]
[Date "2023.04.04"]
[WhiteClock "0:00:28"]
[BlackClock "0:02:03"]

1. e4 c5 2. Nf3 d6 3. d4 cxd4 4. Nxd4 Nf6 5. Nc3 g6 6. Be3 Bg7 7. f3 a6 8. Qd2 h5 9. O-O-O Qc7 10. h4 b5 11. Be2 Bb7 12. Nb3 Nbd7 13. Nd5 Nxd5 14. exd5 Nb6 15. Bd4 O-O 16. Bxg7 Kxg7 17. g4 Nxd5 18. gxh5 Rac8 19. hxg6 fxg6 20. Nd4 Qd7 21. h5 e5 22. hxg6 Rh8 23. Qg5 Qe7 24. Nf5+ 1-0


[Site "https://www.chess.com"]

[Event "Titled Tuesday Blitz April 4 Early 2023"]
[White "Tuleyeva-Aketayeva, Dana"]
[Black "Hrabinska, Myroslava"]
[WhiteFideId "13701932"]
[BlackFideId "14109190"]
[WhiteElo "2030"]
[BlackElo "2039"]
[Result "0-1"]
[Round "07"]
[TimeControl "180+2"]
[Date "2023.04.04"]
[WhiteClock "0:00:02"]
[BlackClock "0:00:10"]

1. d4 Nf6 2. Nf3 d5 3. g3 g6 4. Bg2 Bg7 5. O-O O-O 6. c4 c6 7. Nc3 e6 8. Nd2 b6 9. e4 Bb7 10. cxd5 cxd5 11. exd5 Nxd5 12. Nb3 Nxc3 13. bxc3 Bxg2 14. Kxg2 Nd7 15. Be3 Rc8 16. Rc1 b5 17. Qe2 a6 18. Rfd1 Nb6 19. Nc5 Ra8 20. Qf3 Qd5 21. Ra1 a5 22. a4 b4 23. cxb4 axb4 24. Qxd5 exd5 25. Rdb1 Nc4 26. Rxb4 Rfc8 27. Rab1 Bf8 28. Ra1 Nxe3+ 29. fxe3 Bxc5 30. dxc5 Rxc5 31. Rd1 Rca5 32. Rbd4 Rxa4 33. Rxa4 Rxa4 34. Rxd5 Kg7 35. Re5 f5 36. Re7+ Kh6 37. h4 Rb4 38. Kf3 g5 39. hxg5+ Kg6 40. Rd7 Re4 41. Rc7 Rg4 42. Rc6+ Kxg5 43. Rc7 Ra4 44. Rxh7 Kg6 45. Rc7 Rb4 46. Rc6+ Kg5 47. Rd6 Rc4 48. Rd8 Rb4 49. Rg8+ Kf6 50. Rf8+ Kg6 51. Rg8+ Kf7 52. Rc8 Kf6 53. Rd8 Kg5 54. Rd4 Rb5 55. Ra4 Rc5 56. Ra6 Rb5 57. Ra8 Rb1 58. Rg8+ Kf6 59. Rf8+ Kg6 60. Rg8+ Kf7 61. Rd8 Rf1+ 62. Kg2 Ra1 63. Kf2 Ke7 64. Rd4 Ke6 65. Rf4 Ke5 66. g4 Ra2+ 67. Kf3 fxg4+ 68. Rxg4 Ra3 69. Rg5+ Ke6 70. Rb5 Ke7 71. Kf4 Ke8 72. e4 Rh3 73. Ke5 Rh5+ 74. Kd4 Rxb5 0-1


[Site "https://www.chess.com"]

[Event "Titled Tuesday Blitz April 4 Early 2023"]
[White "Hartikainen, Jarmo"]
[Black "Sakun, Volodymyr"]
[WhiteFideId "503134"]
[BlackFideId "14114062"]
[WhiteElo "2071"]
[BlackElo "2318"]
[Result "0-1"]
[Round "07"]
[TimeControl "180+2"]
[Date "2023.04.04"]
[WhiteClock "0:00:01"]
[BlackClock "0:00:39"]

1. e4 d6 2. d4 g6 3. Nc3 Bg7 4. Be3 a6 5. a4 Nd7 6. Be2 e6 7. g4 e5 8. d5 Bh6 9. Qd2 Bxe3 10. Qxe3 Qf6 11. Nh3 Qh4 12. Qg3 Qh6 13. g5 Qg7 14. O-O-O h6 15. f4 exf4 16. Nxf4 hxg5 17. Qxg5 Qh6 18. Qxh6 Rxh6 19. h4 Ngf6 20. Rdg1 Ne5 21. h5 Kf8 22. hxg6 Rxh1 23. g7+ Kg8 24. Rxh1 Kxg7 25. Nh5+ Nxh5 26. Rxh5 Bd7 27. Rh4 Kf6 28. b3 Rg8 29. Kb2 Rg2 30. Bh5 Kg5 31. Rh1 f5 32. exf5 Bxf5 33. Bd1 Nd3+ 34. Kb1 Nf2 35. Rf1 Nxd1 36. Nxd1 Bxc2+ 37. Kc1 Bxb3 38. Rf8 Rc2+ 39. Kb1 Rd2 40. Rg8+ Kf4 41. Nc3 Bxd5 42. Rg7 Bc6 43. Rxc7 d5 44. Rc8 d4 45. Rf8+ Ke3 46. Re8+ Kd3 0-1


[Site "https://www.chess.com"]

[Event "Titled Tuesday Blitz April 4 Early 2023"]
[White "Itkis, Boris"]
[Black "Vaglio Munoz, Jaime"]
[WhiteFideId "1209167"]
[BlackFideId "6500145"]
[WhiteElo "2216"]
[BlackElo "2199"]
[Result "0-1"]
[Round "07"]
[TimeControl "180+2"]
[Date "2023.04.04"]
[WhiteClock "0:00:01"]
[BlackClock "0:00:09"]

1. d4 c6 2. c4 b5 3. e4 bxc4 4. Bxc4 d6 5. Nf3 g6 6. O-O Bg7 7. Nc3 Bg4 8. h3 Bxf3 9. Qxf3 e6 10. Re1 Ne7 11. d5 cxd5 12. exd5 e5 13. Bb5+ Nd7 14. Ne4 O-O 15. Nxd6 Nb6 16. Nc4 Nexd5 17. Nxe5 Qc7 18. Ng4 a6 19. Bf1 Nb4 20. Bh6 Qc6 21. Bxg7 Qxf3 22. gxf3 Kxg7 23. Rac1 Nxa2 24. Rc6 Nd5 25. Rxa6 Nab4 26. Rxa8 Rxa8 27. Bc4 h5 28. Ne3 Re8 29. Rd1 Nf4 30. Kh2 Re7 31. Rd4 Ne6 32. Bxe6 Nc6 33. Rc4 Rxe6 34. b4 Ne5 35. Rf4 Nd3 36. Rd4 Ne5 37. Rf4 Rb6 38. Kg2 Nd3 39. Rd4 Nxb4 40. Nd5 Rd6 0-1


[Site "https://www.chess.com"]

[Event "Titled Tuesday Blitz April 4 Early 2023"]
[White "morozcoma"]
[Black "Reefat, Bin-Sattar"]
[BlackFideId "10200207"]
[WhiteElo "2268"]
[BlackElo "2462"]
[Result "1-0"]
[Round "07"]
[TimeControl "180+2"]
[Date "2023.04.04"]
[WhiteClock "0:00:11"]
[BlackClock "0:00:29"]

1. e4 e6 2. d4 d5 3. Nc3 Nf6 4. e5 Nfd7 5. Nf3 c5 6. Bg5 Nc6 7. Bxd8 Nxd8 8. dxc5 Bxc5 9. Bd3 Nc6 10. O-O Ncxe5 11. Nxe5 Nxe5 12. Re1 Nxd3 13. Qxd3 O-O 14. Rad1 a6 15. Re5 Bd6 16. Rh5 h6 17. Ne4 Be7 18. Ng3 Bd7 19. Ne2 Rac8 20. Nd4 Bf6 21. f4 Rc4 22. c3 Rfc8 23. Nf3 Rxf4 24. Nd4 Re4 25. Rf1 e5 26. Nf5 Rf4 27. Rxf4 exf4 28. Qxd5 Be6 29. Qe4 g6 30. Nd6 Rd8 31. Rxh6 Rxd6 32. Qxf4 Rd1+ 33. Kf2 Kg7 34. g4 Rd5 35. h4 Bxg4 36. Rxg6+ fxg6 37. Qxg4 Rd2+ 38. Ke3 Rh2 39. Qd7+ Kh6 40. Qxb7 Bxh4 41. Qxa6 Rxb2 42. c4 Rc2 43. Qa4 Rc3+ 44. Kf4 Bg5+ 45. Kg4 Be7 46. Qc6 Ra3 47. Qc8 Bd6 48. Qh8# 1-0


[Site "https://www.chess.com"]

[Event "Titled Tuesday Blitz April 4 Early 2023"]
[White "Svicevic, Rastko"]
[Black "Garcia Almaguer, Juan Manuel"]
[WhiteFideId "916315"]
[BlackFideId "5110491"]
[WhiteElo "2071"]
[BlackElo "2117"]
[Result "0-1"]
[Round "07"]
[TimeControl "180+2"]
[Date "2023.04.04"]
[WhiteClock "0:00:01"]
[BlackClock "0:01:11"]

1. d4 Nf6 2. Bg5 d5 3. Bxf6 exf6 4. e3 Bf5 5. g3 Be4 6. f3 Bg6 7. h4 Bd6 8. Ne2 h6 9. h5 Bh7 10. Kf2 O-O 11. Nd2 Re8 12. Nf4 c5 13. c3 Nc6 14. Nb3 c4 15. Nc1 Bb8 16. b3 b5 17. a4 b4 18. bxc4 bxc3 19. cxd5 Nb4 20. Qb3 Nc2 21. Qxc3 Nxe3 22. Bd3 Bxf4 23. gxf4 Rc8 24. Bxh7+ Kxh7 25. Qd3+ Kh8 26. Ne2 Nxd5 27. Rac1 Qd6 28. Rxc8 Rxc8 29. Rb1 Nxf4 30. Qf5 Ne6 31. d5 Qh2+ 32. Ke3 Qxe2+ 33. Kxe2 Nd4+ 34. Kd3 Nxf5 35. Rb7 Rd8 36. Rxa7 Rxd5+ 37. Ke4 Re5+ 38. Kf4 Nd4 39. a5 Ne2+ 40. Kg4 Rg5+ 41. Kh3 Nf4+ 42. Kh2 Rxh5+ 43. Kg3 Ne6 44. Rxf7 Rxa5 45. f4 Ra3+ 46. Kh2 Nxf4 47. Rb7 Rh3+ 48. Kg1 Rf3 49. Rb8+ Kh7 50. Rb2 h5 51. Rb1 h4 52. Kh2 g5 53. Kg1 Kg6 54. Kh2 g4 55. Kg1 g3 56. Kh1 h3 57. Rg1 g2+ 58. Kh2 Rf1 59. Rxf1 gxf1=R 60. Kg3 Kf5 61. Kh2 Rf2+ 62. Kg1 Nd3 0-1


[Site "https://www.chess.com"]

[Event "Titled Tuesday Blitz April 4 Early 2023"]
[White "Carrasco Miranda, Andres"]
[Black "Sanchez, Robert"]
[WhiteFideId "3405990"]
[BlackFideId "2034360"]
[WhiteElo "2183"]
[BlackElo "2031"]
[Result "1-0"]
[Round "07"]
[TimeControl "180+2"]
[Date "2023.04.04"]
[WhiteClock "0:00:27"]
[BlackClock "0:00:53"]

1. d4 Nf6 2. c4 e6 3. g3 Bb4+ 4. Nd2 d5 5. Bg2 O-O 6. Nf3 c6 7. O-O Be7 8. Qc2 Nbd7 9. Rd1 Re8 10. e4 dxe4 11. Nxe4 Nxe4 12. Qxe4 Nf8 13. b3 Ng6 14. h4 f5 15. Qc2 Bf6 16. Bg5 h6 17. Bxf6 Qxf6 18. Rac1 f4 19. h5 Nf8 20. g4 Nd7 21. Qe4 e5 22. dxe5 Nxe5 23. Nxe5 Rxe5 24. Rd8+ Qxd8 25. Qxe5 Bxg4 26. Qxf4 Bxh5 27. Re1 Qf8 28. Qc7 Re8 29. Re5 Rxe5 30. Qxe5 Bg6 31. Qc7 Qb4 32. Qb8+ Kh7 33. Qxa7 Qe1+ 34. Kh2 Qe5+ 35. Kg1 h5 36. a4 h4 37. Qe3 Qb2 38. Be4 Qf6 39. Bxg6+ Qxg6+ 40. Kh2 Qf5 41. b4 g5 42. a5 Qg4 43. Qe7+ Kg6 44. Qe8+ Kg7 45. Qe7+ Kg8 46. Qe8+ Kg7 47. Qe7+ Kg6 48. Qe8+ Kf5 49. Qd7+ Kf4 50. Qxg4+ Kxg4 51. b5 Kf3 52. a6 g4 53. axb7 g3+ 54. fxg3 hxg3+ 55. Kg1 1-0


[Site "https://www.chess.com"]

[Event "Titled Tuesday Blitz April 4 Early 2023"]
[White "Duda, Jan-Krzysztof"]
[Black "Firouzja, Alireza"]
[WhiteFideId "1170546"]
[BlackFideId "12573981"]
[WhiteElo "2790"]
[BlackElo "2904"]
[Result "0-1"]
[Round "08"]
[TimeControl "180+2"]
[Date "2023.04.04"]
[WhiteClock "0:00:01"]
[BlackClock "0:00:06"]

1. d4 d5 2. c4 c6 3. Nf3 Nf6 4. e3 Bg4 5. h3 Bh5 6. g4 Bg6 7. Ne5 e6 8. Nxg6 hxg6 9. Nd2 g5 10. Bg2 Be7 11. O-O Nbd7 12. b3 Nf8 13. Re1 Ng6 14. e4 Nf4 15. e5 Nd7 16. Nf3 Nxh3+ 17. Bxh3 Rxh3 18. Kg2 Rh6 19. Bd2 Nf8 20. Qc2 Ng6 21. Rh1 Nh4+ 22. Nxh4 Rxh4 23. Rxh4 gxh4 24. c5 Kd7 25. Kh3 g5 26. b4 Qg8 27. b5 Qg6 28. bxc6+ bxc6 29. Qb3 Rc8 30. f3 Bd8 31. Rc1 f5 32. exf6 Qxf6 33. Qe3 Bc7 34. Rb1 Rf8 35. Rb3 Bf4 36. Qd3 Bxd2 37. Qxd2 Qf4 38. Qe1 Rb8 39. Ra3 Rb2 40. Qg1 a5 0-1


[Site "https://www.chess.com"]

[Event "Titled Tuesday Blitz April 4 Early 2023"]
[White "Rasulov, Vugar"]
[Black "Naroditsky, Daniel"]
[WhiteFideId "13402390"]
[BlackFideId "2026961"]
[WhiteElo "2509"]
[BlackElo "2633"]
[Result "1/2-1/2"]
[Round "08"]
[TimeControl "180+2"]
[Date "2023.04.04"]
[WhiteClock "0:00:41"]
[BlackClock "0:00:36"]

1. Nf3 Nf6 2. b3 d5 3. Bb2 Bg4 4. e3 Nbd7 5. c4 e6 6. h3 Bh5 7. Be2 Bd6 8. Nc3 c6 9. O-O O-O 10. Rc1 a6 11. d4 b5 12. cxd5 cxd5 13. Ne5 Bxe2 14. Nxe2 Rc8 15. Nf4 Rxc1 16. Qxc1 Qc8 17. Nfd3 Qb7 18. Qc6 Qxc6 19. Nxc6 Rc8 20. Rc1 Kf8 21. Kf1 Ke8 22. Ke2 Ng8 23. Ncb4 Rxc1 24. Bxc1 Nb8 25. f3 Ne7 26. Bd2 a5 27. Nc2 b4 28. Nb2 Nbc6 29. Na4 f6 30. e4 Kd7 31. Kd3 Kc7 32. Ne3 h5 33. g4 hxg4 34. hxg4 g5 35. Be1 Nd8 36. Bd2 Ndc6 37. Be1 1/2-1/2


[Site "https://www.chess.com"]